 Dungeon Crawl Stone Soup version 0.26.1-11-gd32895ea62 (webtiles) character file.

Game seed: 17155914043046505405

235 Zeld the Skirmisher (level 6, -3/43 HPs)
             Began as an Octopode Monk on May 18, 2021.
             Slain by an adder (4 damage)
             ... on level 3 of the Dungeon.
             The game lasted 00:02:23 (3320 turns).

Zeld the Skirmisher (Octopode Monk)                 Turns: 3320, Time: 00:02:25

Health: -3/43      AC:  1    Str: 10    XL:     6   Next: 6%
Magic:  6/6        EV: 15    Int: 12    God:
Gold:   166        SH:  0    Dex: 17    Spells: 5/5 levels left

rFire    . . .     SeeInvis .     - Unarmed
rCold    . . .     Faith    .   (no shield)
rNeg     . . .     Spirit   .   (helmet restricted)
rPois    .         Reflect  .   (no amulet)
rElec    .         Harm     .   (no ring)
rCorr    .         Rampage  .   (no ring)
Will     .....                  (no ring)
Stlth    ++........             (no ring)
HPRegen  0.14/turn              (no ring)
MPRegen  0.10/turn              (no ring)
                                (no ring)
                                (no ring)

@: confused, lethally poisoned (-3 -> -6)
A: almost no armour, stealthy swim, amphibious, 8 rings, constrict 8, camouflage
1, gelatinous body 1
a: no special abilities


You were on level 3 of the Dungeon.
You visited 1 branch of the dungeon, and saw 3 of its levels.

You collected 166 gold pieces.

Inventory:

Missiles
 g - 16 poisoned darts (quivered)
Jewellery
 a - a cursed ring of teleportation {unknown}
 b - a +6 ring of intelligence {unknown}
 i - an uncursed ring of protection from cold {unknown}
Scrolls
 c - 2 scrolls of enchant armour {unknown}
 d - a scroll of immolation {unknown}
 e - a scroll of fog {unknown}
 f - a scroll of magic mapping {unknown}
 h - 3 scrolls of remove curse {unknown}
 k - a scroll of enchant weapon {unknown}
 l - 2 scrolls of teleportation {unknown}
 m - 3 scrolls of identify {unknown}
Potions
 j - a potion of ambrosia


   Skills:
 - Level 4.1 Fighting
 * Level 3.9 Throwing
 - Level 4.1 Dodging
 - Level 2.6 Stealth
 - Level 3.0 Unarmed Combat


You had 5 spell levels left.
You didn't know any spells.
Your spell library was empty.

Dungeon Overview and Level Annotations

Branches:
Dungeon (3/15)

Altars:
Dithmenos
Fedhas
Vehumet

Annotations:
D:2 exclusion: phantom


Innate Abilities, Weirdness & Mutations

You cannot wear most types of armour.
You are very stealthy in the water. (Stealth+)
You are amphibious.
You can wear up to eight rings at the same time.
You can use your tentacles to constrict eight enemies at once.
Your skin changes colour to match your surroundings (Stealth+).
Your rubbery body absorbs attacks. (AC +1, EV +1)


Message History

The gnoll hits you from afar with a +0 spear!
You are too injured to fight recklessly!
You are too injured to fight recklessly!
You are too injured to fight recklessly!
You release your grip on the gnoll.
You feel sick. The adder misses you. The adder bites you.
The adder closely misses you.
You feel sick. The adder bites you.
* * * LOW HITPOINT WARNING * * *
You are more poisoned.
The adder poisons you!
Okay, then.
It was a potion of ambrosia.
You are confused.
You feel invigorated.
You feel sick.
The gnoll hits you from afar with a +0 spear!
* * * LOW HITPOINT WARNING * * *
The adder bites you.
You die...

###. #.........#
#.###..#.# ....
#.......# #......#.#
#### #.....g.#
#.####>... ##^..g..#
#...)....#
###gl..#####†########
##g#.......# #####
#g#.####### ....#
#S#.# ###.# #@#.# #.#
#.#.# ###.# #.#.#
....# #.#.# .####
#.... .# ####. .# #
.# #.# ######## .# ##
## #.# #.......


You could see 4 gnolls, an adder, a hobgoblin and a frilled lizard.

Vanquished Creatures
  An orc wizard (D:3)
  Natasha (D:3)
  4 gnolls (D:3)
  8 adders
  An ooze (D:1)
  2 worms (D:2)
  3 dart slugs
  3 leopard geckos (D:3)
  3 orcs (D:3)
  2 giant cockroaches
  3 goblins
  3 hobgoblins
  7 jackals
  5 bats
  2 frilled lizards
  7 kobolds
  3 rats
58 creatures vanquished.

Notes
Turn   | Place    | Note
-------+----------+-------------------------------------------
     0 | D:1      | Zeld the Octopode Monk began the quest for the Orb.
     0 | D:1      | Reached XP level 1. HP: 16/16 MP: 1/1
   165 | D:1      | Reached XP level 2. HP: 12/21 MP: 2/2
   577 | D:1      | Reached XP level 3. HP: 15/26 MP: 3/3
  1333 | D:2      | Reached XP level 4. HP: 31/33 MP: 4/4
  1804 | D:2      | Reached skill level 1 in Throwing
  2281 | D:2      | Found a blossoming altar of Fedhas.
  2359 | D:3      | Reached XP level 5. HP: 37/37 MP: 5/5
  2744 | D:3      | Noticed Natasha
  2755 | D:3      | Killed Natasha
  2864 | D:3      | Found a radiant altar of Vehumet.
  2906 | D:3      | Reached XP level 6. HP: 40/43 MP: 6/6
  2958 | D:3      | Noticed a phantom
  2959 | D:3      | Found a shadowy altar of Dithmenos.
  3320 | D:3      | HP: 1/43 [gnoll/+0 spear (10)]
  3320 | D:3      | Slain by an adder

Illustrated notes

Levels and vault maps discovered:
D:1:      dpeg_arrival_chambers_temple_mockup, layout_loops_ring, minivault_19,
          hangedman_decor_push
D:2:      layout_rooms, fedhas_altar_fruit_tree
D:3:      layout_loops_ring, nicolae_overflow_hidden_temple,
          nicolae_dithmenos_through_a_glass_darkly, uniq_natasha

Skill      XL: |  1  2  3  4  5 |
---------------+----------------+-----
Fighting       | 4 |  4.1
Dodging        | 4 |  4.1
Throwing       | 2 3 |  3.9
Stealth        | |  2.6
Unarmed Combat | |  3.0

Action                   |  1- 3 |  4- 6 || total
-------------------------+-------+-------++-------
Melee: Unarmed           |    54 |    98 ||   152
       Constrict         |    15 |    28 ||    43
       Punch             |     3 |     2 ||     5
       Tentacles         |     8 |    25 ||    33
  Use: Potion            |       |     1 ||     1
 Stab: Sleeping          |     8 |     8 ||    16
       Distracted        |     1 |     1 ||     2
Armor: Skin              |     4 |     3 ||     7
Dodge: Dodged            |    26 |    61 ||    87
